Map: Pylon LE

Players

BabyMarine

  • Race: Terran Terran
  • Spawn Location: 5:00

VITRyung (Ryung) - Winner!

  • Race: Terran Terran
  • League: Master
  • Spawn Location: 11:00

Event: HomeStory Cup XXVII

VOD

Have the link to the VOD?

Description

Time

  • Played on: June 29, 2025, 8:55 a.m.
  • Length: 16:26
Show
View Real Time Build Order
Export as new Build Order

BabyMarine Terran 

Build Orders:  

Get SALT Encoding   

  12  0:00  SCV  
  13  0:12  SCV  
  14  0:17  Supply Depot  
  14  0:24  SCV  
  15  0:38  SCV  
  15  0:40  Barracks  
  16  0:44  Refinery  
  16  0:50  SCV  
  16  0:55  Refinery  
  17  1:03  SCV  
  18  1:15  SCV  
  19  1:27  Reaper  
  19  1:29  Orbital Command  
  19  1:30  Supply Depot  
  20  1:41  Factory  
  20  1:54  SCV  
  20  1:59  Barracks Reactor  
  21  2:06  SCV  
  22  2:17  Command Center  
  22  2:21  SCV  
  23  2:25  Hellion  
  25  2:33  SCV  
  25  2:35  Reaper x2  
  28  2:40  Supply Depot  
  28  2:46  Hellion, SCV  
  31  2:56  Starport  
  31  3:01  SCV  
  32  3:07  Marine x2  
  32  3:08  Factory Tech Lab  
  34  3:14  SCV  
  35  3:22  Refinery  
  35  3:28  Marine x2  
  35  3:29  Cyclone  
  35  3:30  SCV  
  41  3:36  Medivac  
  41  3:40  SCV  
  44  3:47  Marine, SCV  
  44  3:48  Marine  
  47  3:53  Supply Depot  
  47  3:56  Orbital Command  
  47  3:59  SCV  
  46  4:11  SCV  
  46  4:13  Factory Tech Lab  
  46  4:14  Raven, Interference Matrix  
  46  4:15  Marine  
  46  4:16  Marine  
  51  4:20  Supply Depot  
  51  4:22  SCV  
  52  4:34  SCV  
  52  4:36  Siege Tank  
  52  4:47  Marine x2, SCV x2  
  52  4:48  Raven, Supply Depot  
  58  4:59  SCV x2  
  60  5:05  Command Center  
  60  5:06  Marine x2  
  62  5:11  Siege Tank  
  62  5:12  SCV  
  62  5:13  SCV  
  67  5:19  Supply Depot  
  67  5:23  Raven  
  67  5:24  SCV  
  67  5:25  Marine x2, SCV  
  73  5:36  SCV  
  73  5:37  SCV  
  75  5:44  Barracks  
  75  5:46  Supply Depot, Barracks, Siege Tank  
  78  5:50  SCV x2  
  78  5:54  Refinery  
  80  6:02  SCV  
  80  6:04  SCV  
  81  6:09  Viking x2  
  85  6:14  Stimpack, Engineering Bay  
  85  6:15  Engineering Bay  
  85  6:16  SCV x2  
  87  6:25  Siege Tank  
  90  6:28  SCV x2  
  90  6:34  Barracks Reactor  
  86  6:40  SCV  
  86  6:41  SCV  
  86  6:47  Marine  
  77  6:49  Viking x2  
  77  6:52  Barracks Tech Lab, SCV  
  77  6:53  SCV  
  83  7:00  Terran Infantry Armor Level 1, Terran Infantry Weapons Level 1  
  83  7:02  Orbital Command  
  83  7:04  SCV  
  83  7:05  SCV  
  83  7:06  Marauder  
  87  7:11  Marine x2, Combat Shield  
  87  7:12  Marauder  
  91  7:17  SCV x2  
  91  7:20  Viking, Barracks  
  95  7:23  Barracks  
  95  7:26  Viking  
  95  7:29  SCV x3  
  100  7:35  Marine  
  100  7:36  Marauder x2, Marine  
  106  7:38  Supply Depot  
  106  7:41  SCV x2  
  107  7:49  Siege Tank  
  110  7:53  SCV x2  
  110  7:54  SCV  
  110  7:55  Viking  
  115  7:59  Marauder x2, Marine x2  
  104  8:06  Liberator  
  104  8:11  SCV  
  107  8:17  Marine x2  
  107  8:19  Barracks Tech Lab x2  
  107  8:20  SCV  
  107  8:21  Marauder  
  106  8:27  Liberator  
  106  8:28  SCV  
  106  8:32  Marauder  
  109  8:38  Marine x2  
  109  8:39  Marauder  
  109  8:40  SCV  
  110  8:45  Marauder x2  
  110  8:48  Orbital Command  
  113  8:52  SCV  
  113  8:53  Marine  
  115  8:56  Marine  
  115  9:04  SCV  
  115  9:08  Siege Tank  
  114  9:17  SCV  
  113  9:21  Orbital Command  
  113  9:24  SCV  
  113  9:29  SCV  
  113  9:30  Marine  
  113  9:31  Marauder x2, Marine  
  117  9:36  Marauder x2  
  120  9:41  SCV  
  120  9:44  Orbital Command  
  116  9:46  SCV  
  116  9:48  Marine  
  116  9:52  Marauder x2  
  121  9:53  SCV  
  121  9:58  SCV  
  121  9:59  Orbital Command  
  121  10:05  SCV  
  121  10:06  Marauder x2, Marine x2  
  122  10:14  Marauder, Supply Depot  
  123  10:15  Marauder, Supply Depot  
  125  10:23  Marine  
  125  10:26  Marine  
  125  10:32  Orbital Command  
  125  10:36  Marauder x3, Viking  
  125  10:37  Viking, Marine  
  136  10:43  Refinery  
  136  10:45  Refinery  
  136  10:46  Supply Depot  
  136  10:54  Marine  
  136  10:55  Marine  
  130  11:03  Refinery  
  128  11:08  SCV x2  
  128  11:09  Medivac  
  128  11:10  Medivac  
  132  11:11  Marine  
  132  11:17  Marauder x2  
  137  11:20  Marauder  
  131  11:35  Marauder, Marine x2  
  131  11:38  Marauder  
  139  11:47  Marauder x2  
  133  12:05  Orbital Command  
  133  12:07  Marine x2  
  133  12:08  Marauder x3, Marine  
  86  12:25  Marine x2  
  86  12:26  Medivac  
  90  12:34  Marine  
  91  12:37  SCV  
  92  12:45  SCV  
  92  12:49  SCV  
  94  12:56  Viking  
  95  13:02  SCV  
  90  13:12  Viking  
  92  13:22  Siege Tank  
  92  13:23  SCV x2  
  97  13:29  Marauder  
  97  13:32  Marauder  
  101  13:35  SCV  
  101  13:40  Marauder  
  89  13:50  Marauder x2  
  92  13:56  Medivac  
  94  14:04  Orbital Command  
  94  14:08  Marauder x2, Marine  
  99  14:16  Siege Tank  
  102  14:27  Marauder, Marine  
  102  14:30  SCV x2  
  107  14:40  Marine  
  107  14:41  Marauder  
  110  14:49  SCV  
  111  14:53  Marauder x2  
  111  14:55  SCV  
  111  14:56  Marine  
  111  14:57  Marine  
  115  15:11  Marine  
  115  15:12  Marauder, SCV  
  112  15:15  Marine x2  
  112  15:16  Marauder  
  113  15:23  Marine  
  109  15:29  Marine  
  109  15:32  Medivac  
  109  15:33  Marauder, Marine x2  
  99  15:40  Refinery  
  99  15:42  Refinery  
  94  15:47  Marine  
  94  15:48  Marauder, Marine  
  89  15:56  Marauder, Marine  
  92  15:58  Refinery, SCV  
  92  15:59  SCV  
Show
View Real Time Build Order
Export as new Build Order

VITRyung Terran - Winner!

Build Orders: Mech 

Get SALT Encoding   

  12  0:00  SCV  
  13  0:12  SCV  
  14  0:17  Supply Depot  
  14  0:24  SCV  
  15  0:38  SCV  
  15  0:40  Barracks  
  16  0:43  Refinery  
  16  0:50  SCV  
  16  0:52  Refinery  
  17  1:02  SCV  
  18  1:14  SCV  
  19  1:27  Orbital Command, Reaper  
  19  1:29  Supply Depot  
  20  1:40  Factory  
  20  1:53  SCV  
  21  2:00  Reaper  
  22  2:05  SCV  
  23  2:15  Command Center  
  23  2:17  SCV  
  24  2:24  Hellion  
  24  2:29  SCV  
  27  2:32  Reaper  
  27  2:36  Supply Depot  
  28  2:41  SCV  
  29  2:45  Hellion  
  31  2:53  Starport  
  31  2:58  SCV  
  32  3:04  Barracks Reactor  
  32  3:06  Factory Tech Lab  
  32  3:10  SCV  
  33  3:18  Refinery  
  33  3:22  SCV  
  33  3:25  Cyclone  
  37  3:29  Orbital Command  
  38  3:34  SCV  
  38  3:37  Starport Tech Lab  
  38  3:46  Marine x2  
  39  3:53  SCV  
  40  3:56  Raven  
  40  3:57  SCV, Interference Matrix  
  43  4:05  SCV  
  43  4:06  Refinery  
  43  4:07  Marine  
  43  4:08  Marine, Siege Tank  
  49  4:11  SCV  
  50  4:17  Supply Depot, SCV  
  50  4:24  SCV  
  52  4:29  Supply Depot  
  52  4:30  Raven  
  54  4:38  SCV  
  53  4:41  Siege Tank  
  53  4:42  SCV  
  53  4:43  Supply Depot  
  57  4:50  SCV  
  57  4:52  Marine x2, Factory  
  58  4:55  SCV  
  58  4:58  Supply Depot  
  61  5:02  SCV  
  62  5:07  SCV  
  62  5:13  Factory  
  63  5:14  SCV  
  63  5:16  Siege Tank  
  63  5:20  SCV  
  68  5:23  Viking  
  68  5:26  SCV  
  71  5:31  Supply Depot  
  71  5:32  SCV  
  71  5:35  Barracks Reactor  
  72  5:38  SCV  
  73  5:47  Siege Tank  
  73  5:48  Siege Tank  
  79  5:55  Armory  
  79  5:58  Hellion x2  
  83  6:04  Infernal Pre-Igniter  
  81  6:12  Supply Depot x2  
  81  6:19  Hellion  
  81  6:21  Siege Tank  
  81  6:23  Siege Tank  
  91  6:25  Hellion  
  84  6:38  Viking  
  81  6:41  Hellion  
  81  6:43  SCV x2  
  81  6:45  Viking  
  80  6:53  Hellion  
  79  7:02  Hellion  
  79  7:06  Siege Tank  
  84  7:10  Siege Tank  
  84  7:14  Hellion  
  89  7:26  Hellion  
  91  7:35  Hellion  
  91  7:38  Siege Tank  
  91  7:41  Viking  
  96  7:53  Hellion  
  96  7:57  Hellion  
  101  8:03  SCV x2  
  101  8:04  Viking  
  91  8:11  Cyclone x2, Viking  
  96  8:20  Engineering Bay  
  96  8:21  Mag-Field Accelerator  
  96  8:23  Hellion x2  
  100  8:31  SCV x2  
  102  8:36  Viking  
  104  8:41  Viking  
  106  8:52  Cyclone x2  
  97  9:15  Viking  
  97  9:17  Viking  
  97  9:20  Command Center  
  95  9:34  Thor  
  101  9:42  Thor  
  107  10:06  Hellion x2  
  105  10:10  SCV x2  
  105  10:13  Missile Turret  
  107  10:15  Terran Vehicle Weapons Level 1  
  107  10:17  Siege Tank  
  110  10:32  Siege Tank, SCV x2  
  110  10:33  Hellion  
  110  10:34  Hellion  
  119  10:42  Orbital Command  
  119  10:47  Viking x2  
  123  11:03  Siege Tank  
  123  11:04  Hellion x2  
  124  11:23  Supply Depot x2  
  124  11:31  Hellion x2  
  125  11:34  Supply Depot  
  125  11:35  Factory  
  125  11:36  Factory, Siege Tank  
  128  11:51  Siege Tank  
  128  11:52  Hellion x2  
  129  12:04  SCV x2  
  129  12:05  SCV  
  118  12:08  Siege Tank  
  71  12:16  Viking x2  
  71  12:18  Hellion x2  
  71  12:21  Hellion x2  
  74  12:23  Siege Tank  
  74  12:24  Terran Vehicle Weapons Level 2  
  77  12:39  Hellion x2  
  77  12:40  Siege Tank  
  84  12:49  Hellion x2  
  84  12:50  Viking  
  90  12:56  Orbital Command  
  90  13:04  Viking  
  90  13:13  Siege Tank  
  90  13:15  Orbital Command, Siege Tank  
  96  13:25  Viking  
  98  13:34  Viking  
  96  13:53  Sensor Tower, Siege Tank x2  
  102  14:00  Viking  
  102  14:01  Hellion x2  
  104  14:04  Hellion x2  
  104  14:08  Viking  
  106  14:11  Refinery  
  106  14:12  Refinery  
  106  14:25  Siege Tank  
  106  14:27  Hellion x2  
  113  14:32  Siege Tank  
  116  14:39  Factory Reactor, Factory Tech Lab  
  115  14:56  SCV  
  115  14:58  Command Center  
  116  15:04  Siege Tank  
  100  15:14  Siege Tank  
  98  15:25  Siege Tank  
  93  15:37  Hellion, Siege Tank  
  96  15:46  SCV x3  
  99  15:54  Medivac  
  101  16:01  SCV x2  
  101  16:02  SCV  
  104  16:13  SCV  
Tags
 
Composition
Mech
League
Master
Matchup
TvT
Race
Terran
Replay Pack
hsc27
Spawn Locations
Cross Positions
Add a new tag
Caveats
  • Supply blocks, unpowered buildings, or Contaminate may cause inaccurate times.
  • Supply counts are checked every 10 seconds.